 Dungeon Crawl Stone Soup version 0.29-a0-275-g389c0b56f3 (webtiles) character file.

Game seed: 4507560186842363721

102 epen the Chiller (level 4, -5/36 HPs)
             Began as a Ghoul Ice Elementalist on Mar 11, 2022.
             Slain by Pargi (8 damage)
             ... on level 3 of the Dungeon.
             The game lasted 00:03:16 (2733 turns).

epen the Chiller (Ghoul Ice Elementalist)           Turns: 2733, Time: 00:03:16

Health: -5/36      AC:  1    Str: 11    XL:     4   Next: 78%
Magic:  3/6        EV: 12    Int: 15    God:
Gold:   60         SH:  0    Dex:  9    Spells: 3/7 levels left

rFire   . . .      SeeInvis +     - Unarmed
rCold   + . .      Faith    .   (no shield)
rNeg    + + +      Spirit   .   a - +0 robe
rPois   ∞          Reflect  .   n - -1 hat of Midwinter {rN++ Int+3 Slay+5}
rElec   .          Harm     .   (no cloak)
rCorr   .          Rampage  .   (no gloves)
Will    +....                   (no boots)
Stlth   ++........              (no amulet)
HPRegen 0.00/turn               c - ring of willpower
MPRegen 0.10/turn               l - ring of see invisible

@: inhibited regen
A: claws 1, cold resistance 1, negative energy resistance 3, inhibited
regeneration, torment resistance 2
a: no special abilities


You were on level 3 of the Dungeon.
You visited 1 branch of the dungeon, and saw 3 of its levels.

You collected 60 gold pieces.

Inventory:

Armour
 a - a +0 robe (worn)
 n - the -1 hat of Midwinter (worn) {rN++ Int+3 Slay+5}
   (You acquired it on level 3 of the Dungeon)

   Int:       It affects your intelligence (+3).
   Slay:      It affects your accuracy & damage with ranged weapons and melee
   (+5).
   rN:        It greatly protects you from negative energy.
Jewellery
 c - a ring of willpower (left claw)
 l - a ring of see invisible (right claw)
 q - a ring of protection from fire
Scrolls
 d - a scroll of blinking
 e - a scroll of teleportation
Potions
 b - a potion of magic
 f - 2 potions of brilliance {unknown}
 g - a potion of heal wounds {unknown}
 h - a potion of curing {unknown}
 i - 3 potions of lignification {unknown}
 j - a potion of cancellation {unknown}
 k - a potion of flight {unknown}
 m - a potion of mutation {unknown}
 r - a potion of berserk rage {unknown}
 s - a potion of ambrosia {unknown}


   Skills:
 + Level 1.8 Fighting
 + Level 2.4 Dodging
 - Level 2.1 Stealth
 + Level 1.7 Unarmed Combat
 + Level 2.3 Spellcasting
 + Level 4.9 Ice Magic


You had 3 spell levels left.
You knew the following spells:

 Your Spells              Type           Power      Damage    Failure   Level
a - Freeze                Ice            64%        1d8       2%          1
b - Frozen Ramparts       Ice            32%        1d5       9%          3

Your spell library contained the following spells:

 Spells                   Type           Power      Damage    Failure   Level
 Ozocubu's Armour         Ice            16%        N/A       9%          3
 Hailstorm                Conj/Ice       9%         3d4       61%         4


Dungeon Overview and Level Annotations

Branches:
Dungeon (3/15)

Altars:
Sif Muna

Annotations:
D:3 Pargi


Innate Abilities, Weirdness & Mutations

You thrive by killing the living.
You are immune to poison.
You have sharp fingernails.
Your flesh is cold resistant. (rC+)
You are immune to negative energy. (rN+++)
You do not regenerate when monsters are visible.
You are immune to unholy pain and torment.


Message History

You closely miss Pargi.
Pargi is moderately wounded.
The wall freezes Pargi.
Pargi bites you. Pargi misses you. Pargi claws you.
You closely miss Pargi.
Pargi is moderately wounded.
The wall freezes Pargi.
Pargi snarls, "My home!
Leave!"
Pargi bites you. Pargi claws you. Pargi misses you.
You scratch Pargi.
Pargi is moderately wounded.
The wall freezes Pargi.
Pargi misses you. Pargi claws you. Pargi barely misses you.
You closely miss Pargi.
Pargi is heavily wounded.
The wall freezes Pargi.
Pargi bites you. Pargi misses you. Pargi claws you.
You scratch Pargi.
Pargi is heavily wounded.
The wall freezes Pargi.
Pargi bites you!
* * * LOW HITPOINT WARNING * * *
Pargi closely misses you. Pargi claws you.
* * * LOW HITPOINT WARNING * * *
Casting: Frozen Ramparts (dangerous; 9% risk of failure)
Confirm with . or Enter, or press ? or * to list all spells.
Aiming: Freeze (safe; 2% risk of failure)
Press: ? - help, Shift-Dir - straight line, f - Pargi
Aim: Pargi (heavily wounded)
You freeze Pargi.
Pargi is severely wounded.
The wall freezes Pargi.
Pargi closely misses you. Pargi misses you. Pargi claws you.
* * * LOW HITPOINT WARNING * * *
You miss Pargi.
Pargi is severely wounded.
The wall freezes Pargi.
Pargi misses you. Pargi claws you but does no damage.
Pargi completely misses you.
Okay, then.
You scratch Pargi but do no damage.
Pargi is severely wounded.
The frozen ramparts melt away.
Pargi bites you!
You die...

#...≈≈.>.≈≈...
#...≈≈...≈≈...
#...≈≈≈≈≈...#
#....≈≈≈....#
#.........#
##.......##
###...###
#T_.# #@..#
#####


You could see Pargi.

Vanquished Creatures
  Jessica (D:3)
  3 adders (D:2)
  A worm (D:2)
  A dart slug (D:1)
  2 ball pythons
  5 endoplasms
  3 giant cockroaches (D:1)
  4 goblins
  5 hobgoblins
  4 jackals (D:1)
  3 bats
  4 frilled lizards
  2 kobolds (D:1)
  4 rats
42 creatures vanquished.

Notes
Turn   | Place    | Note
-------+----------+-------------------------------------------
     0 | D:1      | epen the Ghoul Ice Elementalist began the quest for the
                  | Orb.
     0 | D:1      | Reached XP level 1. HP: 14/14 MP: 2/2
   250 | D:1      | Reached XP level 2. HP: 22/22 MP: 3/3
   582 | D:1      | Reached skill level 1 in Unarmed Combat
   589 | D:1      | Reached skill level 1 in Fighting
   596 | D:1      | Reached XP level 3. HP: 14/28 MP: 5/5
   683 | D:1      | Learned a level 3 spell: Frozen Ramparts
  1270 | D:1      | Found a faded altar of an unknown god.
  1663 | D:2      | Reached XP level 4. HP: 15/35 MP: 4/6
  2710 | D:3      | Identified a scroll of acquirement
  2710 | D:3      | Acquired the -1 hat of Midwinter {rN++ Int+3 Slay+5}
  2712 | D:3      | Found a shimmering blue altar of Sif Muna.
  2712 | D:3      | Noticed Jessica
  2715 | D:3      | Noticed Pargi
  2724 | D:3      | Killed Jessica
  2733 | D:3      | Slain by Pargi

Illustrated notes

Levels and vault maps discovered:
D:1:      dpeg_arrival_concentric_ovals, layout_loops_ring,
          shapermc_ecumenical_altar_mp_vishouse, serial_park_tiny_2
D:2:      layout_basic, serial_curves, eino_curves_03, eino_curves_04,
          eino_curves_02
D:3:      layout_basic, tgw_sif, portal_sewer_entry_e, uniq_pargi

Skill      XL: |  1  2 |
---------------+-------+-----
Dodging        | 2 |  2.4
Spellcasting   | 2 |  2.3
Unarmed Combat | 1 |  1.7
Fighting       | 1 |  1.8
Stealth        | |  2.1
Ice Magic      | |  4.9

Action                   |  1- 3 |  4- 6 || total
-------------------------+-------+-------++-------
Melee: Unarmed           |   132 |    43 ||   175
       Punch             |     2 |     3 ||     5
 Cast: Freeze            |     6 |    11 ||    17
       Frozen Ramparts   |       |     1 ||     1
  Use: Scroll            |       |     5 ||     5
 Stab: Sleeping          |     6 |       ||     6
Armor: Robe              |    31 |     7 ||    38
Dodge: Dodged            |    84 |    31 ||   115

Table legend: (Time is in decaauts)
 A = Elapsed time spent in this place.
 B = Non-inter-level travel time spent in this place.
 C = Inter-level travel time spent in this place.
 D = Time resting spent in this place.
 E = Time spent auto-exploring this place.
 F = Levels seen in this place.
 G = Mean time per level.
                   A        B        C        D        E       F      G
               +--------+--------+--------+--------+--------+-----+--------+
         Total |   2728 |   2710 |     18 |     67 |   2277 |   3 |  909.3 |
       Dungeon |   2728 |   2710 |     18 |     67 |   2277 |   3 |  909.3 |
               +--------+--------+--------+--------+--------+-----+--------+

Top non-repeatable levels by time:
     D:2: 1412 daAuts
     D:1: 1289 daAuts
     D:3: 26 daAuts
